 Dungeon Crawl Stone Soup version 0.24.0-123-gd5b16e6ec5 (webtiles) character file.

Game seed: 3462569689055589179, levelgen mode: deterministic

212 Martska the Chiller (level 5, -16/39 HPs)
             Began as a Merfolk Ice Elementalist on Jan 31, 2020.
             Demolished by an ice beast (21 damage)
             ... on level 2 of the Dungeon.
             The game lasted 00:11:48 (3802 turns).

Martska the Chiller (Merfolk Ice Elementalist)      Turns: 3802, Time: 00:11:48

Health: -16/39     AC:  3    Str:  8    XL:     5   Next: 89%
Magic:  9/9        EV: 14    Int: 14    God:
Gold:   121        SH:  0    Dex: 16    Spells: 5/9 levels left

rFire    + . .     SeeInvis .   q - +0 spear
rCold    x . .     Gourm    .   (no shield)
rNeg     . . .     Faith    .   a - +0 robe
rPois    .         Spirit   .   (no helmet)
rElec    .         Reflect  .   (no cloak)
rCorr    .         Harm     .   (no gloves)
MR       .....                  o - +0 pair of boots
Stlth    +++.......             (no amulet)
HPRegen  0.13/turn              h - ring of fire
MPRegen  0.11/turn              (no ring)

@: no status effects
A: change form in water, swift swim, stealthy swim
a: no special abilities


You were on level 2 of the Dungeon.
You were not hungry.

You visited 1 branch of the dungeon, and saw 3 of its levels.

You collected 121 gold pieces.

Inventory:

Hand Weapons
 b - a +0 dagger
 q - a +0 spear (weapon)
Armour
 a - a +0 robe (worn)
 o - a +0 pair of boots (worn)
Jewellery
 h - a ring of fire (left hand)
Scrolls
 d - 6 scrolls of identify {unknown}
 e - a scroll of magic mapping {unknown}
 f - 3 scrolls of teleportation {unknown}
 i - 2 scrolls of remove curse {unknown}
 j - 3 scrolls of fog {unknown}
Potions
 g - a potion of mutation {unknown}
 k - a potion of curing {unknown}
 l - 2 potions of resistance {unknown}
 m - a potion of heal wounds {unknown}
 n - 2 potions of ambrosia {unknown}
 p - a potion of lignification {unknown}
Comestibles
 c - 5 rations


   Skills:
 + Level 2.3 Fighting
 + Level 0.0 Polearms
 + Level 4.0 Dodging
 + Level 3.4 Stealth
 + Level 2.9 Spellcasting
   Level 0.7 Conjurations
 + Level 1.6 Charms
 + Level 4.1 Ice Magic


You had 5 spell levels left.
You knew the following spells:

 Your Spells              Type           Power        Failure   Level  Hunger
a - Freeze                Ice            ##..         4%          1    #......
b - Ozocubu's Armour      Chrm/Ice       ##......     21%         3    ###....

Your spell library contained the following spells:

 Spells                   Type           Power        Failure   Level  Hunger
 Throw Frost              Conj/Ice       #.....       12%         2    ##.....
 Beastly Appendage        Tmut           #.....       22%         1    #......
 Sticks to Snakes         Tmut           #.......     32%         2    ##.....
 Spider Form              Tmut/Pois      #.........   54%         3    ###....
 Throw Icicle             Conj/Ice       #.......     63%         4    #####..
 Ice Form                 Ice/Tmut       #.......     67%         4    #####..
 Summon Ice Beast         Ice/Summ       #.......     67%         4    #####..
 Blade Hands              Tmut           #.........   99%         5    ######.


Dungeon Overview and Level Annotations

Branches:
Dungeon (3/15)

Altars:
Ashenzari
Elyvilon
Trog


Message History

a +0 mace; a +0 ring mail
There is an escape hatch in the ceiling here.
You see here a +0 club.
The ice beast is too close now for your liking.
You closely miss the ice beast.
The ice beast hits you but does no damage.
You closely miss the ice beast. The ice beast misses you.
You hit the ice beast but do no damage. The ice beast hits you.
The ice beast freezes you!
You feel a terrible chill!
There is a stone staircase leading up here.
There is an escape hatch in the ceiling here.
The ice beast hits you. The ice beast freezes you!
You feel a terrible chill!
* * * LOW HITPOINT WARNING * * *
A mysterious force pulls you upwards. The hatch slams shut behind you.
There is an escape hatch in the floor here.
The ice beast hits you.
* * * LOW HITPOINT WARNING * * *
The ice beast freezes you!!
You feel a terrible chill!
Ouch! That really hurt!
You die...

.# #.##.####...###.##.##.#...#.
.# #.##.# ##.#.# #.##....#####.
.# #.##.###.#..# #.##.#.....#..
.# #.##.##.###.# #.##†####..#⌠.
.# #.##.###.#..# #.##.# ##..## .#
#..)........###.##.# #..†. (#
#..##....#.........# ###..
.#####...##)#....Y...#### ##.
..........#.##..@###### #.
.####........##.......##########.
................#####............
...........###### #############
############


You could see an ice beast.

Vanquished Creatures
  A big kobold (D:2)
  8 adders
  An ooze (D:2)
  A dart slug (D:1)
  5 leopard geckos
  3 orcs (D:3)
  8 goblins
  7 hobgoblins
  2 jackals (D:1)
  A ball python (D:3)
  5 bats
  A frilled lizard (D:1)
  8 kobolds
  9 rats
60 creatures vanquished.

Notes
Turn   | Place    | Note
-------+----------+-------------------------------------------
     0 | D:1      | Martska the Merfolk Ice Elementalist began the quest for
                  | the Orb.
     0 | D:1      | Reached XP level 1. HP: 13/13 MP: 3/3
   194 | D:1      | Reached XP level 2. HP: 16/20 MP: 3/5
  1008 | D:1      | Reached skill level 1 in Fighting
  1008 | D:1      | Reached XP level 3. HP: 22/26 MP: 6/6
  1259 | D:2      | Found a bloodstained altar of Trog.
  1259 | D:2      | Found a white marble altar of Elyvilon.
  1871 | D:2      | Found a shattered altar of Ashenzari.
  1884 | D:2      | Learned a level 3 spell: Ozocubu's Armour
  2046 | D:2      | Reached XP level 4. HP: 32/32 MP: 3/7
  2491 | D:3      | Noticed an ice beast
  2544 | D:3      | Noticed a big kobold
  2564 | D:2      | Killed a big kobold
  2564 | D:2      | Reached skill level 1 in Charms
  2564 | D:2      | Reached XP level 5. HP: 26/38 MP: 0/9
  3802 | D:2      | Demolished by an ice beast

Levels and vault maps discovered:
D:1:      psy_arrival_basics, layout_basic, minmay_unequal
D:2:      layout_loops_ring, evilmike_ruin_ashenzari,
          chequers_temple_overflow_statue_of_worship, first_ration,
          grunt_ministairs_8, grunt_decor_cap, minmay_pentomino_w2
D:3:      layout_loops_cross, minmay_misc_feat_enclosed

Skill      XL: |  1  2  3  4  5 |
---------------+----------------+-----
Dodging        | 3 4 |  4.0
Fighting       | 1 2 |  2.3
Stealth        | 3 |  3.4
Charms         | 1 |  1.6
Ice Magic      | 4 |  4.1
Spellcasting   | |  2.9
Conjurations   | |  0.7

Action                   |  1- 3 |  4- 6 || total
-------------------------+-------+-------++-------
Melee: Dagger            |    78 |    97 ||   175
       Spear             |       |     3 ||     3
 Cast: Freeze            |    32 |    34 ||    66
 Stab: Sleeping          |     7 |     1 ||     8
  Eat: Ration            |     1 |     2 ||     3
       Chunk             |       |     1 ||     1
Armor: Robe              |    17 |    14 ||    31
Dodge: Dodged            |    75 |    99 ||   174
